[Event "*** Titled Tuesday Blitz"]
[Site "Chess.com"]
[Date "2019.01.01"]
[Round "2"]
[White "tango_argentino"]
[Black "Alexey_Potapov"]
[Result "0-1"]
[WhiteElo "2486"]
[BlackElo "2369"]
[TimeControl "180+2"]
[EndTime "13:21:29 PST"]
[Termination "Alexey_Potapov won by resignation"]

1. e4 c6 2. d4 d5 3. e5 c5 4.
dxc5 Nc6 5. f4 Qa5+ 6. c3 Qxc5 7. Nf3 Bg4 8. b4 Qb6 9. Qxd5 e6 10. Qb5 Qc7 11. Be2 Nh6 12. Be3 Nf5 13. Bf2 Be7 14. O-O O-O 15. Nbd2 Rfd8 16. Ne4 Rd5 17. Qc4 b5 18. Qb3 Bxf3 19. Bxf3 a5 20. a3 Rad8 21. Rad1 Rxd1 22. Rxd1 axb4 23. axb4 g5 24. g4 Nh4 25. Bxh4 gxh4 26. Rxd8+ Bxd8 27. Qd1 Ne7 28. Qd6 Nd5 29. Qxc7 Bxc7 30. Be2 Nxf4 31. Bxb5 Bxe5 32. g5 Nd5 33. Bc6 Nxc3 34. Nf6+ Kg7 35. b5 Kg6 36. b6 Bd4+ 37. Kg2 Bxb6 38. Bf3 Bd8 39. Ne4 Nxe4 40. Bxe4+ Kxg5 41. Bxh7 f5 42. Bg8 e5 43. Ba2 Kf4 44. Bb1 e4 45. Bc2 Ke3 46. Bb1 f4 47. Ba2 f3+ 48.
Kf1 Bc7 49. Bd5 Bxh2 50. Ba8 Bg3 51. Bb7 h3 52. Kg1 Kf4 53. Bc8 e3 54. Bxh3 e2 55. Bf1 e1=Q 0-1

[Event "*** Titled Tuesday Blitz"]
[Site "Chess.com"]
[Date "2019.01.01"]
[Round "2"]
[White "ElenaPershina"]
[Black "GremioPrudente"]
[Result "1/2-1/2"]
[WhiteElo "1907"]
[BlackElo "2016"]
[TimeControl "180+2"]
[EndTime "13:21:31 PST"]
[Termination "Game drawn by agreement"]

1. e4 e6 2. c4 d5 3. exd5 exd5 4. cxd5 Nf6 5. Nc3 Nxd5 6. d4 Bb4 7. Bd2 O-O 8. Nf3 Bg4 9. Be2 Nc6 10. Nxd5 Bxd2+ 11.
Qxd2 Qxd5 12. Rd1 Bxf3 13. Bxf3 Rfe8+ 14. Kf1 Qxa2 15. Bxc6 bxc6 16. Qc3 Qd5 17. Kg1 Rad8 18. h3 Re4 19. Kh2 Rxd4 20. Rxd4 Qxd4 21. Qg3 Qd6 22.
Rc1 Qxg3+ 23. Kxg3 Rd6 24. Rc5 Kf8 25. Ra5 Ke7 26.
Rxa7 Kd7 27. Rb7 c5 28. Rb8 Rb6 29. Rg8 g6 30. Rg7 Ke7 31. Rxh7 Rxb2 32. Rh8 c4 33.
Rc8 Kd7 34. Rf8 f5 35. Ra8 c3 36. Ra1 Kc6 37. Rc1 c2 38. Kf4 Kd5 39. Ke3 Ke5 40. Kd3 f4 41. Kc3 Ra2 42. Kb3 Ra6 43. Rxc2 Kd6 44. Rc4 g5 1/2-1/2

[Event "*** Titled Tuesday Blitz"]
[Site "Chess.com"]
[Date "2019.01.01"]
[Round "2"]
[White "Peng_Li-Min"]
[Black "GoingKronos"]
[Result "1-0"]
[WhiteElo "2650"]
[BlackElo "2327"]
[TimeControl "180+2"]
[EndTime "13:21:32 PST"]
[Termination "Peng_Li-Min won on time"]

1. e4 e6 2. d4 d5 3. Nc3 Nf6 4. Bd3 c5 5. Nf3 cxd4 6. Nxd4 Nc6 7. Bb5 Bd7 8. exd5 exd5 9. O-O Be7 10. Re1 O-O 11. h3 a6 12. Bf1 Rc8 13. Be3 Bb4 14.
a3 Bxc3 15. bxc3 Ne5 16. Rb1 b5 17. a4 bxa4 18. Bxa6 Ra8 19. Bb7 Rb8 20. Bf4 Rxb7 21. Rxb7 Ng6 22. Bd6 Re8 23. Rb8 Qa5 24. Rexe8+ Bxe8 25. Qe2 h5 26. Rxe8+ Nxe8 27. Qxe8+ Kh7 28. Qxf7 Qxc3 29.
Qxd5 Qe1+ 30. Kh2 Qxf2 31. Qxh5+ Kg8 32. Nf3 Qxc2 33. Ng5 1-0

[Event "*** Titled Tuesday Blitz"]
[Site "Chess.com"]
[Date "2019.01.01"]
[Round "2"]
[White "kayamarley"]
[Black "gemarin"]
[Result "0-1"]
[WhiteElo "1913"]
[BlackElo "2072"]
[TimeControl "180+2"]
[EndTime "13:21:34 PST"]
[Termination "gemarin won by resignation"]

1. e4 c5 2. Nf3 Nc6 3. Bb5 Na5 4. O-O a6 5. Be2 d6 6. c3 Nf6 7. d3 e6 8. h3 Be7 9. Be3 O-O 10. Nbd2 b5 11. d4 Bb7 12. Bd3 Nc4 13. Bxc4 bxc4 14.
e5 Nd5 15. Nxc4 Nxe3 16. Nxe3 Qb6 17. exd6 Bxd6 18. Nc4 Qc7 19. Nxd6 Qxd6 20. dxc5 Qxc5 21. Qe2 Rfd8 22. Rfd1 Rd5 23. Rxd5 Bxd5 24. Ne5 h6 25. c4 Bb7 26. Rd1 f6 27. Rd7 Rb8 28. Qg4 Qf8 29. Qxe6+ Kh7 30. Qf5+ Kg8 31. Nf7 Qe8 32. Nxh6+ Kh8 33.
Nf7+ Kg8 34. Nh6+ Kh8 35. Qg4 Qe1+ 36. Kh2 Qe5+ 37. f4 f5 38. Qh5 Qxf4+ 39. Kg1 Qxh6 40.
Qxh6+ gxh6 41. Rf7 Be4 42. b3 Bb1 43. a3 Rxb3 44. g3 Rxg3+ 45. Kf2 0-1

[Event "*** Titled Tuesday Blitz"]
[Site "Chess.com"]
[Date "2019.01.01"]
[Round "2"]
[White "riconaipe"]
[Black "MateSchmate"]
[Result "1-0"]
[WhiteElo "2413"]
[BlackElo "2483"]
[TimeControl "180+2"]
[EndTime "13:21:36 PST"]
[Termination "riconaipe won by checkmate"]

1. d4 Nf6 2. c4 e6 3. Nc3 Bb4 4. Qc2 d5 5. cxd5 Qxd5 6. Nf3 Qf5 7. Qb3 Bxc3+ 8. Qxc3 Nd5 9. Qb3 O-O 10. g3 b6 11. Bg2 Bb7 12. O-O Nd7 13. Bd2 N7f6 14. Rac1 Rac8 15. Ne5 Ne4 16. Be3 Nd6 17. f3 Rfd8 18.
Bf2 f6 19. e4 Qh5 20. Nc6 Bxc6 21. Rxc6 Ne7 22. Qxe6+ Qf7 23. Qxf7+ Kxf7 24. Rc2 Nb5 25. d5 c5 26. f4 f5 27. a4 Nd6 28. e5 Ne4 29. d6 Nc6 30. Bxe4 fxe4 31. Re1 Ke6 32. Rxe4 h5 33. Rd2 g6 34. h3 Rf8 35. Kg2 Rcd8 36. Be3 Nb4 37. Bf2 Nc6 38. Re1 h4 39.
Red1 hxg3 40. Kxg3 Rd7 41. Be3 Rdf7 42. d7 Nd8 43. Rd6+ Ke7 44. Kg4 Nb7 45. Rxg6 Rd8 46. e6 Rf6 47. Rxf6 Kxf6 48. f5 Rg8+ 49. Kh5 Nd8 50. h4 Kxf5 51. e7 Rh8+ 52. Bh6 Nf7 53. Rf1+ Ke6 54. Rxf7 Kxd7 55. Rf8 Rh7 56. e8=Q+ Kc7 57.
Qe5+ Kb7 58. Qe4+ Ka6 59. Qxh7 Ka5 60. Qxa7+ Kb4 61. Qxb6+ Kxa4 62. Qxc5 Kb3 63. Qc3+ Ka2 64. b4 Kb1 65. b5 Ka2 66. b6 Kb1 67. b7 Ka2 68.
Ra8+ Kb1 69. b8=R# 1-0

[Event "*** Titled Tuesday Blitz"]
[Site "Chess.com"]
[Date "2019.01.01"]
[Round "2"]
[White "Airquake"]
[Black "essequamvideris"]
[Result "0-1"]
[WhiteElo "2568"]
[BlackElo "2353"]
[TimeControl "180+2"]
[EndTime "13:21:37 PST"]
[Termination "essequamvideris won by checkmate"]

1. g3 Nf6 2. Bg2 g6 3. Nf3 Bg7 4. O-O O-O 5. d4 c5 6. c4 cxd4 7. Nxd4 Nc6 8. Nc3 Nxd4 9. Qxd4 d6 10. e4 Be6 11. Qd3 Rc8 12. b3 Qa5 13. Bb2 Qh5 14. f4 Ng4 15. h3 Qc5+ 16. Kh1 Nf2+ 17.
Rxf2 Qxf2 18. Nd1 Qe1+ 19. Qf1 Qxf1+ 20. Bxf1 b5 21. Bxg7 Kxg7 22. cxb5 Rc2 23. a4 Bxb3 24. a5 Rb8 25. Rb1 Ba2 26. Ra1 d5 27. Ne3 Rc3 28. Nxd5 Bxd5 29. exd5 Rxg3 30. b6 axb6 31. a6 Ra8 32. a7 Rc3 33. d6 exd6 34. Bg2 Rcc8 35.
Bb7 Rxa7 36. Rxa7 Rc7 37. Kg2 Kf6 38. Kf3 d5 39. Ke3 Ke7 40. Kd4 Kd6 41. h4 f5 42. Kd3 Kc5 43. h5 gxh5 44. Kc3 h4 45.
Kb3 h3 46. Ra5+ bxa5 47. Ka4 Rxb7 48. Kxa5 Ra7# 0-1

[Event "*** Titled Tuesday Blitz"]
[Site "Chess.com"]
[Date "2019.01.01"]
[Round "2"]
[White "SARGISMV"]
[Black "Slovak_fighter2000"]
[Result "1-0"]
[WhiteElo "2420"]
[BlackElo "2448"]
[TimeControl "180+2"]
[EndTime "13:21:37 PST"]
[Termination "SARGISMV won by resignation"]

1. d4 Nf6 2. c4 e6 3. Nc3 d5 4. cxd5 Nxd5 5. e4 Nxc3 6. bxc3 c5 7. Rb1 cxd4 8. cxd4 Be7 9. Nf3 O-O 10. Bd3 b6 11. h4 Bb7 12. h5 Nc6 13. e5 Nb4 14. Rh3 Nxd3+ 15. Qxd3 Qd5 16. Rg3 Qe4+ 17.
Qxe4 Bxe4 18. Rb3 Rfc8 19. Bh6 Bf8 20. Nd2 Bd5 21. Rb2 Kh8 22. Bf4 Rc1+ 23. Ke2 Rac8 24. h6 g6 25. Bg5 Kg8 26. f3 R1c2 27. Rxc2 Rxc2 28. a4 a6 29. Kd3 Rc8 30. Ne4 Bxe4+ 31. fxe4 b5 32. axb5 axb5 33. d5 Rc5 34. d6 b4 35. d7 Rc3+ 36. Kd2 Rxg3 37. d8=Q Rxg2+ 38. Kd3 Rxg5 39. Qxg5 Bc5 40. Qd8+ Bf8 41. Kc4 g5 42. Qxg5+ Kh8 43. Qd8 Kg8 44. Kb3 f6 45. exf6 Kf7 46.
e5 Bxh6 47. Qd7+ Kg6 48. Qxe6 Bf8 49. Qg8+ 1-0

[Event "*** Titled Tuesday Blitz"]
[Site "Chess.com"]
[Date "2019.01.01"]
[Round "2"]
[White "Keranke"]
[Black "kjzsdu"]
[Result "1-0"]
[WhiteElo "2757"]
[BlackElo "2536"]
[TimeControl "180+2"]
[EndTime "13:21:39 PST"]
[Termination "Keranke won by resignation"]

1. d4 d5 2. Bf4 Nf6 3. e3 c6 4. c4 g6 5. Nc3 Bg7 6. cxd5 Nxd5 7. Nxd5 Qxd5 8. Nf3 Qa5+ 9. Qd2 Qxd2+ 10. Kxd2 Bf5 11. Bc4 O-O 12. Rac1 Nd7 13. Rhd1 Rad8 14.
Ke2 h6 15. h3 g5 16. Bg3 Be4 17. b4 a6 18. Kf1 Nf6 19. Nd2 Bd5 20. Nb3 Ne4 21.
Bh2 f5 22. Na5 Rd7 23. Bxd5+ cxd5 24. f3 Nf6 25. Bc7 Rc8 26. Be5 Rxc1 27. Rxc1 Kf7 28.
Rc8 Ne8 29. Bg3 f4 30. exf4 Bxd4 31. fxg5 hxg5 32. Rb8 Bb6 33. Nxb7 Ba7 34. Nd8+ Kf6 35. Ra8 Ng7 36. Nc6 Be3 37. Rxa6 e6 38. Be5+ Kf5 39.
g4+ Kg6 40. Ke2 Bg1 41. b5 Rb7 42. a4 Ne8 43. Nd8 Rb6 44. Rxb6 Bxb6 45. Nxe6 Kf7 46. Nxg5+ Ke7 47. h4 1-0

[Event "*** Titled Tuesday Blitz"]
[Site "Chess.com"]
[Date "2019.01.01"]
[Round "2"]
[White "pKiLz5Rn9b"]
[Black "robbykevlishvili"]
[Result "1-0"]
[WhiteElo "2661"]
[BlackElo "2776"]
[TimeControl "180+2"]
[EndTime "13:21:43 PST"]
[Termination "pKiLz5Rn9b won by checkmate"]

1. Nf3 d5 2. b3 a5 3. e3 a4 4. b4 e6 5. a3 Nf6 6. Bb2 g6 7.
c4 dxc4 8. Bxc4 Bg7 9. d4 O-O 10. Nbd2 b6 11. Rc1 Bb7 12. O-O Nbd7 13. b5 Qe7 14.
Qe2 Rfc8 15. Rc2 Ne4 16. Rfc1 e5 17. dxe5 Nxe5 18. Nxe5 Bxe5 19. Bxe5 Qxe5 20. Nxe4 Qxe4 21. f3 Qe7 22. e4 Qxa3 23. Bxf7+ Kxf7 24. Rxc7+ Kf8 25. Qd2 Kg8 26. Qh6 Rxc7 27. Rxc7 Qa1+ 28. Kf2 Qd4+ 29.
Ke2 Qb2+ 30. Ke1 Qa1+ 31. Ke2 Qh8 32. Rxb7 Rd8 33. Qc1 Qd4 34. Qc2 a3 35. Qa2+ Kh8 36.
Qxa3 Qd2+ 37. Kf1 Rc8 38. Rc7 Rxc7 39. Qf8# 1-0

[Event "*** Titled Tuesday Blitz"]
[Site "Chess.com"]
[Date "2019.01.01"]
[Round "2"]
[White "Firouzja2003"]
[Black "vladimirdamjanovic"]
[Result "1-0"]
[WhiteElo "2995"]
[BlackElo "2602"]
[TimeControl "180+2"]
[EndTime "13:21:44 PST"]
[Termination "Firouzja2003 won by resignation"]

1. d4 Nf6 2. c4 c5 3. g3 cxd4 4. Qxd4 Nc6 5. Qd1 d5 6. Bg2 dxc4 7. Qa4 Qa5+ 8. Qxa5 Nxa5 9. Bd2 Nc6 10. Na3 e6 11. Nxc4 Bd7 12. Nf3 Ne4 13. Bf4 Bb4+ 14.
Nfd2 Nxd2 15. Bxd2 Bxd2+ 16. Kxd2 Ke7 17. Rac1 Rhd8 18. Ke3 Rac8 19. Rhd1 Be8 20. Rxd8 Nxd8 21. Kd2 Bb5 22. b3 Bxc4 23. bxc4 b6 24. g4 Rc5 25.
Be4 g6 26. f4 f5 27. Bf3 Nf7 28. h3 Nd6 29. Kd3 b5 30. Rb1 bxc4+ 31. Kd4 Rc8 32. Kc3 Rc7 33. Rb8 Rc8 34. Rxc8 Nxc8 35. Kxc4 Kd7 36.
Kb5 Kc7 37. Ka6 Kb8 38. Bc6 Kc7 39. Ba4 Nb6 40. Bb3 Nd7 41. Kxa7 Nc5 42. Bc4 Kd6 43. g5 Na4 44. Kb7 Nc5+ 45. Kb6 Na4+ 46. Kb5 Nc3+ 47. Kb4 Ne4 48. a4 Nc5 49. a5 Nd7 50. Kb5 Kc7 51. Bxe6 Nf8 52. Bd5 Kb8 53. Bc6 Ka7 54. Bd5 Nd7 55.
Bg8 Nf8 56. e3 Kb7 57. a6+ Ka7 58. h4 Kb8 59. Kb6 Ka8 60. Bd5+ Kb8 61. a7+ Kc8 62. a8=Q+ Kd7 63. Qxf8 h5 64. gxh6 g5 65. fxg5 f4 66. h7 fxe3 67. h8=Q 1-0

[Event "*** Titled Tuesday Blitz"]
[Site "Chess.com"]
[Date "2019.01.01"]
[Round "2"]
[White "aa175"]
[Black "HouseOfDurin"]
[Result "1-0"]
[WhiteElo "1931"]
[BlackElo "1815"]
[TimeControl "180+2"]
[EndTime "13:21:44 PST"]
[Termination "aa175 won by resignation"]

1. a3 g6 2. d4 Bg7 3. Nf3 d6 4.
Bf4 Nd7 5. e3 e5 6. Bg5 f6 7.
Bh4 Ne7 8. Nc3 Nf5 9. Bg3 Nxg3 10. hxg3 f5 11. Bc4 e4 12. Nh4 c6 13. Nxf5 Qf6 14.
Nxe4 Qf8 15. Nexd6+ Kd8 16. Nf7+ Kc7 17. Nxg7 Qxg7 18. Nxh8 Qxh8 19. Qg4 Qg7 20. Qf4+ Kb6 21. a4 a5 22. Ra3 Nf6 23. Rb3+ Ka7 24. Qd6 Bf5 25.
Qc5+ Kb8 26. f3 Bxc2 27. Rb6 Nd7 28. Qd6+ Kc8 29. Be6 Bxa4 30. b3 Bb5 31. Kd2 a4 32. Rxb5 cxb5 33. Rc1+ Kd8 34. Rc7 Ke8 35. Bxd7+ 1-0

[Event "*** Titled Tuesday Blitz"]
[Site "Chess.com"]
[Date "2019.01.01"]
[Round "2"]
[White "Samuray111"]
[Black "TigranLPetrosyan"]
[Result "0-1"]
[WhiteElo "2629"]
[BlackElo "2816"]
[TimeControl "180+2"]
[EndTime "13:21:45 PST"]
[Termination "TigranLPetrosyan won by resignation"]

1. e4 g6 2. d4 Bg7 3. Nc3 a6 4. f4 b5 5. Nf3 d6 6. Bd3 Nd7 7. e5 c5 8. Be4 Rb8 9. Be3 b4 10. Ne2 Nh6 11. c3 bxc3 12. bxc3 O-O 13. h3 cxd4 14. cxd4 Nf5 15. Bxf5 gxf5 16. O-O Nb6 17.
Rb1 Be6 18. Ng3 Nd5 19. Rxb8 Qxb8 20. Bd2 Qb2 21. Kh2 Rc8 22. Nh4 Rc2 23. Ngxf5 Bf8 24. Qg4+ Kh8 25. Ba5 Ne3 26. Nxe3 Bxg4 27. Nxc2 Be2 28.
Rf2 Qxc2 29. f5 Bh6 30. f6 exf6 31. exd6 Qa4 32. Rxe2 Qxa5 33. d7 Bf4+ 34. g3 Bc7 35. Kg2 Qd5+ 36. Kg1 Qxd7 37. g4 Qxd4+ 0-1

[Event "*** Titled Tuesday Blitz"]
[Site "Chess.com"]
[Date "2019.01.01"]
[Round "2"]
[White "Parhamov"]
[Black "rubhani"]
[Result "1-0"]
[WhiteElo "2911"]
[BlackElo "2574"]
[TimeControl "180+2"]
[EndTime "13:21:49 PST"]
[Termination "Parhamov won by resignation"]

1. e4 c6 2. d4 d5 3. Nc3 dxe4 4. Nxe4 Nd7 5. Qe2 e6 6. g3 Ngf6 7. Nxf6+ Nxf6 8. Nf3 Bd6 9. Bg2 O-O 10. O-O Qc7 11. b3 b6 12. Bb2 Bb7 13. c4 Rfe8 14. Qc2 h6 15. Rfe1 Rad8 16. a3 Nd7 17. b4 c5 18.
dxc5 bxc5 19. b5 e5 20. a4 e4 21. Nh4 Be5 22. Bxe5 Qxe5 23. Rad1 Nf6 24. Nf3 Rxd1 25. Qxd1 Qc3 26. Nh4 Qxc4 27. Nf5 Qe6 28. Bh3 Qe5 29.
Qd6 Qc3 30. Re3 Qa1+ 31. Bf1 Qxa4 32. Nxh6+ gxh6 33. Qxf6 Re6 34. Qf4 Kg7 35. Qc7 Bd5 36.
Qxc5 Qa2 37. Ra3 Qd2 38. Qxa7 Rf6 39. Qe3 Qd1 40. Rc3 Rf3 41. Rc1 Qa4 42. Qc5 Be6 43.
Rc3 Rxc3 44. Qxc3+ Kg6 45. Qc1 Qb3 46. h4 h5 47. Qg5+ Kh7 48. Qxh5+ Kg7 49. Qe5+ Kf8 50. Qxe4 1-0

[Event "*** Titled Tuesday Blitz"]
[Site "Chess.com"]
[Date "2019.01.01"]
[Round "2"]
[White "MasterKroket"]
[Black "Zarikovs1999"]
[Result "1-0"]
[WhiteElo "2452"]
[BlackElo "2255"]
[TimeControl "180+2"]
[EndTime "13:21:52 PST"]
[Termination "MasterKroket won by checkmate"]

1. d4 Nf6 2. c4 c5 3. d5 b5 4. cxb5 a6 5. bxa6 g6 6. Nc3 Bg7 7. Nf3 O-O 8. e4 Qa5 9. Nd2 d6 10. Nc4 Qc7 11. Nb5 Qd8 12. a7 Nbd7 13. Bd3 Ba6 14. a4 Ne8 15. O-O Nc7 16. Nxc7 Qxc7 17. Bg5 Rfe8 18. Qc2 Rxa7 19. Rae1 Rb7 20. b3 h6 21. Bd2 Reb8 22. Na5 Bxd3 23. Qxd3 Rb6 24. f4 Bd4+ 25. Kh1 Ra8 26. Nc4 Rb7 27. e5 dxe5 28. fxe5 Nxe5 29. Nxe5 Bxe5 30. Bxh6 Bxh2 31. Qf3 f6 32. Re6 Qg3 33. Qe4 Kf7 34. d6 Raa7 35.
dxe7 Rxe7 36. Rfxf6+ Ke8 37. Rxe7+ Rxe7 38. Qc6+ Rd7 39.
Rf8+ Ke7 40. Qf6# 1-0

[Event "*** Titled Tuesday Blitz"]
[Site "Chess.com"]
[Date "2019.01.01"]
[Round "2"]
[White "JMatias"]
[Black "sergiochess83"]
[Result "0-1"]
[WhiteElo "2355"]
[BlackElo "2758"]
[TimeControl "180+2"]
[EndTime "13:21:54 PST"]
[Termination "sergiochess83 won by resignation"]

1. e3 Nf6 2. c4 e5 3. d4 exd4 4. exd4 d5 5. Nc3 Bb4 6. Nf3 O-O 7. cxd5 Nxd5 8. Bd2 Bg4 9. Be2 Nf6 10. O-O Nc6 11. Be3 Re8 12. h3 Bh5 13. Qb3 Bxc3 14. bxc3 Na5 15. Qa4 b6 16. Rfe1 Nd5 17. Bg5 Nxc3 18. Bxd8 Nxa4 19. Bxc7 Nc3 20. Ba6 Bxf3 21. gxf3 Rxe1+ 22. Rxe1 Nxa2 23. d5 Nb4 24. Bf1 Nxd5 25. Bg3 h6 26.
Rd1 Nf6 27. Ba6 Re8 28. Rc1 Nd5 29. Rd1 Nb4 30. Bb5 Re6 31. Rd8+ Kh7 32. Rd7 a6 33. Bf1 Rf6 34. Kg2 Nac6 35. Bc7 b5 36. f4 g5 37. fxg5 hxg5 38. Kg3 Kg6 39. Bg2 Re6 40.
Bf3 Ne7 41. Ba5 Nbc6 42. Bd2 Nf5+ 43. Kg2 Ne5 44. Be4 Nxd7 0-1

[Event "*** Titled Tuesday Blitz"]
[Site "Chess.com"]
[Date "2019.01.01"]
[Round "2"]
[White "Ali_rastbod"]
[Black "335394862"]
[Result "1-0"]
[WhiteElo "2544"]
[BlackElo "2303"]
[TimeControl "180+2"]
[EndTime "13:21:54 PST"]
[Termination "Ali_rastbod won by resignation"]

1. c4 e5 2. Nc3 f5 3. Nf3 Nc6 4. d4 e4 5. Ng5 h6 6. Nh3 Nf6 7.
e3 Bb4 8. Bd2 d5 9. cxd5 Bxc3 10. bxc3 Nxd5 11. c4 Nf6 12. Nf4 O-O 13. h4 Ng4 14.
Bc3 a5 15. Be2 Nb4 16. a3 Nc6 17. Bxg4 fxg4 18. d5 Ne7 19. Qd4 Nf5 20. Qxe4 Nxh4 21. Ne6 Bxe6 22. dxe6 Qg5 23. Qxb7 Rae8 24. Qd5 Qxd5 25.
cxd5 Nxg2+ 26. Ke2 Rf3 27. Rag1 Nf4+ 28. exf4 Rxc3 29. Rxg4 Kf8 30. f5 Rb8 31. Rd1 Rb2+ 32.
Rd2 Rxd2+ 33. Kxd2 Rf3 34. Rc4 Rxf2+ 35. Ke3 Rxf5 36. Ke4 Rf1 37. Rxc7 Re1+ 38. Kf5 Rf1+ 39. Ke5 g5 40. Rc8+ Kg7 41. d6 Re1+ 42. Kd5 Rd1+ 43. Kc6 Rc1+ 44. Kd7 Re1 45. e7 g4 46. e8=Q Rxe8 47. Rxe8 h5 48. Kc7 g3 49. d7 g2 50.
d8=Q g1=Q 51. Rg8+ 1-0

[Event "*** Titled Tuesday Blitz"]
[Site "Chess.com"]
[Date "2019.01.01"]
[Round "2"]
[White "Sordis"]
[Black "Anar_Aliakbarov"]
[Result "0-1"]
[WhiteElo "2403"]
[BlackElo "2465"]
[TimeControl "180+2"]
[EndTime "13:22:01 PST"]
[Termination "Anar_Aliakbarov won by resignation"]

1. c4 e6 2. g3 d5 3. Bg2 Nf6 4. Nf3 Be7 5. O-O O-O 6. b3 c5 7. cxd5 exd5 8. d4 Nc6 9. Bb2 h6 10. Nc3 Be6 11. dxc5 Bxc5 12. Rc1 a6 13. Na4 Ba7 14.
Nc5 Qc7 15. Nd4 Bxc5 16. Rxc5 Nd7 17. Rc1 Qd6 18. e3 Rac8 19. Qd2 Rfd8 20. Ne2 f6 21. Nf4 Nde5 22. Rfd1 Bf7 23. Qe2 Ne7 24. Rxc8 Rxc8 25. e4 Re8 26. exd5 Nf5 27. Qc2 g6 28. h4 Qd7 29. Be4 Kg7 30. h5 Nd6 31. hxg6 Nxe4 32.
gxf7 Nxf7 33. Re1 Nfg5 34. Nh5+ Kg6 35. Nf4+ Kf7 36. Ba1 Nf3+ 37. Kg2 Nxe1+ 38. Kf1 Nxc2 39. Ng6 0-1

[Event "*** Titled Tuesday Blitz"]
[Site "Chess.com"]
[Date "2019.01.01"]
[Round "2"]
[White "Jbd735"]
[Black "TST2014"]
[Result "1-0"]
[WhiteElo "2496"]
[BlackElo "2473"]
[TimeControl "180+2"]
[EndTime "13:22:02 PST"]
[Termination "Jbd735 won by checkmate"]

1. e4 c5 2. Nf3 Nc6 3. d4 cxd4 4. Nxd4 Nf6 5. Nc3 d6 6. Bg5 e6 7. Qd2 a6 8. O-O-O Bd7 9. f3 h6 10. Be3 h5 11. Kb1 Qc7 12. Nxc6 Bxc6 13. Bf4 O-O-O 14.
Qf2 Kb8 15. Be3 Nd7 16. Be2 Be7 17. Rd2 h4 18. Rhd1 Nc5 19. a3 g5 20. e5 b6 21.
exd6 Bxd6 22. Bxg5 Be7 23. Bxe7 Qxe7 24. b4 Rxd2 25. Rxd2 Qf6 26. Qd4 Qxd4 27. Rxd4 Na4 28. Nxa4 Bxa4 29. Bxa6 b5 30. c4 bxc4 31. Bxc4 h3 32. g3 Rg8 33. Bf1 Bc6 34. Rf4 f5 35.
Bxh3 Rh8 36. Rh4 Rxh4 37. gxh4 Bxf3 38. Kb2 Kc7 39. Kc3 Kd6 40. a4 Kd5 41. a5 Kc6 42. Bf1 e5 43. b5+ Kc5 44. b6 Bb7 45.
a6 Bxa6 46. Bxa6 Kxb6 47. h5 Kxa6 48. h6 Kb6 49. h7 Kc5 50. h8=Q Kd5 51. Qd8+ Ke6 52.
Kd3 Kf7 53. Ke3 Kg6 54. h4 Kh5 55. Qg5# 1-0

[Event "*** Titled Tuesday Blitz"]
[Site "Chess.com"]
[Date "2019.01.01"]
[Round "2"]
[White "Matibar"]
[Black "Kazakov_Konstantin"]
[Result "1/2-1/2"]
[WhiteElo "2795"]
[BlackElo "2564"]
[TimeControl "180+2"]
[EndTime "13:22:03 PST"]
[Termination "Game drawn by agreement"]

1. Nf3 Nf6 2. d4 d5 3. a3 e6 4. Bg5 c5 5. e3 Nc6 6. Nbd2 Be7 7. dxc5 Bxc5 8. b4 Be7 9. c4 O-O 10. Nb3 b6 11. Rc1 Bb7 12. c5 a6 13. Bd3 Rc8 14.
Qe2 Nb8 15. O-O a5 16. Nfd4 a4 17. Nd2 bxc5 18. bxc5 Bxc5 19. Rb1 Ba8 20. N2f3 Nbd7 21. Bb5 h6 22. Bxd7 Qxd7 23. Ne5 Qe7 24. Bxf6 gxf6 25. Nd3 Bxa3 26. Qg4+ Kh7 27. Nb5 Bd6 28. Nxd6 Qxd6 29. Qxa4 Rg8 30. g3 Rc4 31. Qa7 Rc7 32. Qd4 e5 33. Qh4 d4 34. exd4 Qd5 35. f3 Qxd4+ 36. Qxd4 exd4 37. Rb4 Rd8 38. Rf2 Rc3 39. Rd2 Bxf3 40.
Ne1 Bc6 41. Rbxd4 Re8 42. Kf2 Rc1 43. Rd1 Rc5 44. Rf4 Kg7 45. Rd2 Rc1 46. Nf3 Rh1 47. h4 Bxf3 48. Kxf3 Rf1+ 49. Kg4 Rxf4+ 50. Kxf4 1/2-1/2

[Event "*** Titled Tuesday Blitz"]
[Site "Chess.com"]
[Date "2019.01.01"]
[Round "2"]
[White "evgenyermolaev"]
[Black "Daniela_Movileanu"]
[Result "0-1"]
[WhiteElo "2467"]
[BlackElo "2508"]
[TimeControl "180+2"]
[EndTime "13:22:03 PST"]
[Termination "Daniela_Movileanu won by resignation"]

1. e4 c5 2. Nf3 g6 3. d4 cxd4 4. Nxd4 Nc6 5. Nc3 Bg7 6. Be3 Nf6 7. Nxc6 bxc6 8. e5 Ng8 9. Bd4 Nh6 10. e6 f6 11. exd7+ Bxd7 12. Bc4 Nf7 13. O-O O-O 14.
Ne4 e5 15. Bc5 Bf5 16. Bxf8 Qxf8 17. Nd6 Rd8 18. Nxf7 Rxd1 19. Raxd1 Qe7 20. Rd8+ Bf8 21. Nh6+ Kg7 22. Nxf5+ gxf5 23. Rfd1 Qc5 24. Be6 Qxc2 25. h3 Bc5 26. R1d2 Qc1+ 27. Kh2 Bd4 28. Rd3 Bxf2 29.
Rd1 Qf4+ 30. Kh1 e4 31. Bg8 h5 32. Bc4 Kh6 33. Rg8 c5 34. Bf7 Bd4 35. Rg6+ Kh7 36. Rg8 e3 37. Re8 Kh6 38. Rh8+ Kg7 39. Rxh5 Kxf7 40. Rh7+ Ke6 0-1

[Event "*** Titled Tuesday Blitz"]
[Site "Chess.com"]
[Date "2019.01.01"]
[Round "2"]
[White "Zhuu96"]
[Black "jacky72"]
[Result "1-0"]
[WhiteElo "2873"]
[BlackElo "2611"]
[TimeControl "180+2"]
[EndTime "13:22:04 PST"]
[Termination "Zhuu96 won by resignation"]

1. c4 Nf6 2. Nc3 g6 3. Nf3 Bg7 4.
e4 O-O 5. d4 d6 6. Be2 e5 7.
O-O Na6 8. d5 Nc5 9. Qc2 a5 10.
Be3 b6 11. h3 Ne8 12. a3 f5 13.
b4 Nxe4 14. Nxe4 fxe4 15. Nd2 Nf6 16. g4 h5 17. Nxe4 hxg4 18. Nxf6+ Qxf6 19. hxg4 Bd7 20. Qe4 Rf7 21. Kg2 Bf8 22. Rh1 axb4 23. g5 Qf5 24. Qh4 Bg7 25. axb4 Rff8 26. Rxa8 Rxa8 27. Bf3 Kf7 28. Qg3 Ra2 29. Rh4 Kf8 30. Be4 Qf7 31.
c5 bxc5 32. bxc5 Bf5 33. Qf3 Bxe4 34. Qxe4 Qf5 35. Qb4 Ra8 36. cxd6 cxd6 37. Qxd6+ Kg8 38. Qe7 e4 39. Qe6+ Qf7 40. Rxe4 Rd8 41. d6 Bf8 42.
Bc5 Rd7 43. Qxf7+ Kxf7 44. Rf4+ Kg8 45. Rf6 Bg7 46. Re6 Kf7 47. Re7+ Rxe7 48. dxe7 Be5 49. Kf3 Bh2 50. Ke4 Bg1 51. Kd5 Bh2 52. Bd6 Bg1 53.
f4 Be3 54. f5 Ke8 55. fxg6 Bd4 56. Kxd4 1-0

[Event "*** Titled Tuesday Blitz"]
[Site "Chess.com"]
[Date "2019.01.01"]
[Round "2"]
[White "LastGladiator1"]
[Black "vugarrasulov"]
[Result "0-1"]
[WhiteElo "2637"]
[BlackElo "2802"]
[TimeControl "180+2"]
[EndTime "13:22:04 PST"]
[Termination "vugarrasulov won by resignation"]

1. d4 Nf6 2. c4 e6 3. Nc3 Bb4 4. Nf3 O-O 5. Bg5 Bxc3+ 6. bxc3 d6 7. e3 Nbd7 8. Bd3 b6 9. e4 e5 10.
O-O Bb7 11. Qc2 h6 12. Bd2 Re8 13. Rae1 Nf8 14. Nh4 Bc8 15. f3 c5 16. Be3 cxd4 17.
cxd4 Be6 18. dxe5 dxe5 19. c5 bxc5 20. Bb5 N6d7 21. Nf5 a6 22. Bc4 Nb6 23. Bxe6 Nxe6 24. Rd1 Qf6 25. Ng3 Rac8 26. Qf2 Nd4 27. Rc1 Qe6 28.
Rfd1 Nc4 29. Kh1 Nxe3 30. Qxe3 Qxa2 31. Nh5 Qe6 32. Qf2 g6 33. Ng3 Red8 34. f4 exf4 35. Qxf4 h5 36. Rf1 Rd7 37. e5 Qg4 38. Qf6 Rc6 39.
Qf2 h4 40. e6 Rxe6 41. Rxc5 hxg3 42. Rc8+ Kg7 43. hxg3 Qh5+ 0-1

[Event "*** Titled Tuesday Blitz"]
[Site "Chess.com"]
[Date "2019.01.01"]
[Round "2"]
[White "G_Threepwood"]
[Black "dcremisi"]
[Result "1-0"]
[WhiteElo "2496"]
[BlackElo "2323"]
[TimeControl "180+2"]
[EndTime "13:22:04 PST"]
[Termination "G_Threepwood won by resignation"]

1. e4 e6 2. d4 d5 3. Nd2 dxe4 4. Nxe4 Bd7 5. Nf3 Bc6 6. Bd3 Nd7 7. Qe2 Ngf6 8.
Nxf6+ Qxf6 9. Be3 Bxf3 10. gxf3 Bd6 11. O-O-O O-O-O 12. Kb1 Nb6 13. c4 Be7 14. c5 Nd5 15. c6 bxc6 16. h4 Nf4 17. Bxf4 Qxf4 18. Be4 Kd7 19.
Qa6 Ke8 20. Qxc6+ Kf8 21. h5 h6 22. Rhg1 Qd6 23. Qc4 Bf6 24. d5 Qe5 25. Qb4+ Qd6 26.
Qxd6+ Rxd6 27. dxe6 fxe6 28. Rxd6 cxd6 29. Rc1 Kf7 30.
Bg6+ Ke7 31. Rc7+ Kd8 32. Rxa7 Rf8 33. Ra8+ Ke7 34. Rxf8 Kxf8 35. b4 Bd4 36. Kc2 Ke7 37.
a4 Bxf2 38. Kb3 Kd7 39. a5 Be1 40. Ka4 Kc7 41. b5 Bf2 42. Bf7 e5 43. Bd5 Be3 44. b6+ Bxb6 45. axb6+ Kxb6 46. Kb4 Ka6 47. Kc4 Kb6 48.
Be4 Kc7 49. Kd5 Kd7 50. Bf5+ Ke7 51. Bg4 Kf6 52. Kxd6 Kg5 53. Kxe5 1-0